 Dungeon Crawl Stone Soup version 0.32-a0-938-g40ac7a0f4d (webtiles) character file.

Game seed: 9873499497760669349

25 Oneirical the Grasshopper (level 2, 0/15 HPs)
             Began as a Felid Warper on Apr 15, 2024.
             Slain by Terence
             ... wielding a +2 mace of venom
              (10 damage)
             ... on level 1 of the Dungeon.
             The game lasted 00:01:37 (752 turns).

Oneirical the Grasshopper (Felid Warper)             Turns: 752, Time: 00:01:37

Health: 0/15       AC:  1    Str:  7    XL:     2   Next: 82%
Magic:  6/6        EV: 16    Int: 16    God:
Gold:   56         SH:  0    Dex: 15    Spells: 3/5 levels left
                                        Lives:  0   Deaths: 1

rFire   . .          .
                       - Unarmed
rCold   . . .        (shield unavailable)
rNeg    . . .        (body armour unavailable)
rPois   .            (helmet unavailable)
rElec   .            (cloak unavailable)
rCorr   .            (gloves unavailable)
SInv    +            (boots unavailable)
Will    .....        (no amulet)
Stlth   +            (no ring)
HPRegen 0.22/turn    (no ring)
MPRegen 0.10/turn

%: no passive effects
@: no status effects
A: very small, claws 1, fangs 3, see invisible, shaggy fur 1, stealthy paws, no
weapons or thrown items, no armour, multi-lived
a: no special abilities


You were on level 1 of the Dungeon.
You visited 1 branch of the dungeon, and saw 2 of its levels.

You collected 56 gold pieces.

Inventory:

Scrolls
 b - a scroll of poison {unknown}
 d - a scroll of teleportation {unknown}
Potions
 a - a potion of mutation {unknown}
 c - 2 potions of might {unknown}
 e - a potion of ambrosia {unknown}


   Skills:
 - Level 2.0 Fighting
 - Level 3.2 Dodging
 + Level 2.8 Unarmed Combat
 - Level 2.0 Spellcasting
 + Level 5.2 Translocations


You had 3 spell levels left.
You knew the following spells:

 Your Spells              Type           Power      Damage    Failure   Level
a - Blink                 Tloc           36%        N/A       3%          2

Your spell library contained the following spells:

 Spells                   Type           Power      Damage    Failure   Level
 Apportation              Tloc           36%        N/A       2%          1
 Lesser Beckoning         Tloc           36%        N/A       3%          2
 Maxwell's Portable Pile  Tloc           18%        2d(7-19)  7%          3
 Teleport Other           Tloc           18%        N/A       7%          3
 Necrotise                Necr           4%         1d4       21%         1
 Sting                    Conj/Alch      4%         1d3       21%         1
 Summon Small Mammal      Summ           4%         N/A       21%         1
 Vhi's Electric Charge    Tloc/Air       20%        N/A       56%         4


Dungeon Overview and Level Annotations

Branches:
Dungeon (2/15)

Altars:

Annotations:
D:1 Terence


Innate Abilities, Weirdness & Mutations

You have sharp claws.
You have razor-sharp teeth.
You have supernaturally acute eyesight. (SInv)
You are covered in fur. (AC +1)
Your paws help you pounce on unaware monsters.
You are incapable of wielding weapons or throwing items.
You cannot wear armour.
You gain extra lives every three experience levels.


Message History

The gnoll closely misses you.
You scratch the gnoll.
You kill the gnoll!
No target in view!
Things that are here:
a +0 club; 5 stones; a +0 robe You see here the felid corpse of Oneirical.
d - a scroll labelled KYWKEX LEHYOR You now have 56 gold pieces (gained 6).
You pick up a book of Cantrips and begin reading...
You add the spells Sting, Necrotise, Summon Small Mammal and Apportation to your library.
There is an open door here.
e - a murky amethyst potion
There is an open door here.
Done exploring.
Done exploring.
Done exploring.
Done exploring.
There is a stone staircase leading down here.
You climb downwards.
Level annotation: Terence
There is a stone staircase leading up here.
You closely miss Terence.
The endoplasm quivers.
Terence misses you. Terence completely misses you.
You climb upwards.
There is a stone staircase leading down here.
You scratch Terence but do no damage. You bite Terence.
Terence is lightly wounded.
Terence hits you with a +2 mace of venom.
You closely miss Terence.
Terence is lightly wounded.
Terence misses you.
You claw Terence!
Terence is heavily wounded.
Terence hits you with a +2 mace of venom!
Ouch! That really hurt!
You die...
Terence says, "Rest in peace."

.# #..##...#..'....## ##..
## ##g##.....##...## ##.
#.##....###..## ##
#.##)...##..(.# #.
#..#...###...## ## ##.#...#
#..## # ##### #.#...# #.##
....# #...@## ### ....#
###.@####.## ....#
#..........## # #'###
#...........## ## #.#
#............# #.
#.###########........#..##
##
#...........'....)...##..##
##.
#############..^.....###..##
##.. ...# #..........#...#
#... ##.# #........#....##
##..


You could see Terence.

Vanquished Creatures
  A gnoll (D:1)
  4 bats (D:1)
  4 hobgoblins
  2 jackals (D:1)
  2 goblins (D:1)
  A kobold (D:1)
  A rat (D:1)
15 creatures vanquished.

Notes
Turn   | Place    | Note
-------+----------+-------------------------------------------
     0 | D:1      | Oneirical the Felid Warper began the quest for the Orb.
     0 | D:1      | Reached XP level 1. HP: 11/11 MP: 4/4
   118 | D:2      | Noticed Terence
   206 | D:1      | Reached XP level 2. HP: 15/15 MP: 6/6
   209 | D:1      | Learned a level 2 spell: Blink
   383 | D:1      | Reached skill level 5 in Translocations
   533 | D:1      | Hit by a stone thrown by a gnoll
   533 | D:1      | Lost a life (0 lives remaining)
   752 | D:1      | Slain by Terence

Illustrated notes

Levels and vault maps discovered:
D:1:      dpeg_arrival_arbitrary_a, layout_basic, nicolae_figureground_pulse
D:2:      layout_rooms, uniq_terence, uniq_sigmund

Skill      XL: |  1  2 |
---------------+-------+-----
Translocations | 5 |  5.2
Fighting       | |  2.0
Dodging        | |  3.2
Unarmed Combat | |  2.8
Spellcasting   | |  2.0

Action                     || total
---------------------------++-------
  Melee: Unarmed           ||    63
         Bite              ||     5
         Punch             ||     1
   Cast: Blink             ||     1
    Use: Scroll            ||     1
         Potion            ||     1
   Stab: Sleeping          ||     1
 Armour: Skin              ||    29
  Dodge: Dodged            ||    52

Table legend: (Time is in decaauts)
 A = Elapsed time spent in this place.
 B = Non-inter-level travel time spent in this place.
 C = Inter-level travel time spent in this place.
 D = Time resting spent in this place.
 E = Time spent auto-exploring this place.
 F = Levels seen in this place.
 G = Mean time per level.
                   A        B        C        D        E       F      G
               +--------+--------+--------+--------+--------+-----+--------+
         Total |    749 |    726 |     23 |      0 |    551 |   2 |  374.5 |
       Dungeon |    749 |    726 |     23 |      0 |    551 |   2 |  374.5 |
               +--------+--------+--------+--------+--------+-----+--------+

Top non-repeatable levels by time:
     D:1: 740 daAuts
     D:2: 9 daAuts
